 Dungeon Sprint DCSS version 0.23-a0-82-gdf0b57c211 (webtiles) character file.

641 PikkenKukken the Blocker (level 7, -2/72 HPs)
             Began as a Minotaur Fighter on Aug 13, 2018.
             Was an Initiate of Okawaru.
             Slain by Sonja
             ... wielding a +1 dagger of distortion
              (22 damage)
             ... in the Dungeon (Sprint I: "Red Sonja").
             The game lasted 00:02:00 (620 turns).

PikkenKukken the Blocker (Minotaur Fighter)          Turns: 620, Time: 00:02:01

Health: -2/72      AC: 11    Str: 21    XL:     7   Next: 26%
Magic:  6/6        EV:  7    Int:  5    God:    Okawaru [......]
Gold:   306        SH: 12    Dex: 11    Spells: 6/6 levels left

rFire    . . .     SeeInvis .   a - +0 war axe
rCold    + . .     Gourm    .   c - +0 shield
rNeg     . . .     Faith    .   m - +0 chain mail {rC+}
rPois    .         Spirit   .   (helmet restricted)
rElec    .         Reflect  .   (no cloak)
rCorr    .         Harm     .   (no gloves)
MR       .....     NoTele   +   (no boots)
Stlth    ..........             (no amulet)
HPRegen  0.22/turn              (no ring)
MPRegen  0.10/turn              (no ring)

@: no status effects
A: retaliatory headbutt, horns 2
a: Renounce Religion


You were in the Dungeon.
You worshipped Okawaru.
Okawaru was noncommittal.
You were not hungry.

You visited 1 branch You collected 306 gold pieces.

Inventory:

Hand Weapons
 a - a +0 war axe (weapon)
Armour
 b - a +0 scale mail
 c - a +0 shield (worn)
 m - a +0 chain mail of cold resistance (worn)
Wands
 l - a wand of flame (39)
Scrolls
 k - a scroll of blinking
Potions
 e - a potion of curing
 g - a potion of heal wounds
 h - a potion of haste
 i - 2 potions of magic
Comestibles
 d - 2 chunks of flesh
 f - a ration


   Skills:
 + Level 10.1 Fighting
 + Level 9.8 Axes
 + Level 10.1 Armour
 + Level 10.1 Shields


You had 6 spell levels left.
You didn't know any spells.
Your spell library was empty.

Dungeon Overview and Level Annotations

Branches:
Dungeon (1/1)

Altars:
Cheibriados
Dithmenos
Elyvilon
Fedhas
Gozag
Hepliaklqana
Kikubaaqudgha
Makhleb
Nemelex Xobeh
Okawaru
Qazlal
Ru
Sif Muna
Trog
Uskayaw
Vehumet
Wu Jian
Xom
Yredelemnul
Zin
The Shining One
Jiyva
Lugonu

Shops:
D %

Annotations:
D Sonja


Innate Abilities, Weirdness & Mutations

You reflexively headbutt those who attack you in melee.
You have a pair of horns on your head.


Message History

Sonja shoots a curare-tipped needle.
You block the curare-tipped needle.
There is an open door here.
You see here a curare-tipped needle.
Sonja unwields an uncursed blowgun.
Sonja wields an uncursed dagger of distortion.
Its appearance distorts for a moment.
Sonja closely misses you. Sonja hits you but does no damage.
Space warps horribly around you!
Sonja hits you with an uncursed dagger of distortion.
Space warps horribly around you!
You completely miss Sonja. Your headbutt misses Sonja.
You block Sonja's attack. x3
You completely miss Sonja. Sonja barely misses you.
Sonja hits you but does no damage. Space bends around you.
Sonja hits you but does no damage. Space warps horribly around you!
Sonja hits you with an uncursed dagger of distortion.
Space bends around you.
* * * LOW HITPOINT WARNING * * *
You block Sonja's attack. Sonja hits you but does no damage.
Space warps horribly around you!
You die...

#..').#..').#..'^.+
#..#####'#####'#__#
#..####..#...#(####
#..#__####..##.#
#..#_____##'#_.+
#⌠⌠#_.∩...'.(._#
####_..__##_.#+#
#_____###(# #######
#@#


+$K$+ #$.$# ##.## #+# You could see Sonja.

Vanquished Creatures
  A slime creature (D)
  Sigmund (D)
  A yak (D)
  An ogre (D)
  A jelly (D)
  Ijyb (D)
6 creatures vanquished.

Notes
Turn   | Place    | Note
-------+----------+-------------------------------------------
     0 | D        | PikkenKukken the Minotaur Fighter began the quest for the Orb.
     0 | D        | Reached XP level 1. HP: 19/19 MP: 0/0
     1 | D        | Noticed Ijyb
     6 | D        | Killed Ijyb
     6 | D        | Reached skill level 5 in Fighting
     6 | D        | Reached skill level 5 in Armour
     6 | D        | Reached skill level 5 in Shields
     6 | D        | Reached XP level 2. HP: 22/29 MP: 1/1
    85 | D        | Noticed an ogre
    91 | D        | Killed an ogre
    91 | D        | Reached XP level 3. HP: 33/38 MP: 2/2
    91 | D        | Reached XP level 4. HP: 40/45 MP: 3/3
   125 | D        | Noticed Sigmund
   128 | D        | Killed Sigmund
   128 | D        | Reached XP level 5. HP: 55/55 MP: 4/4
   128 | D        | Reached XP level 6. HP: 62/62 MP: 5/5
   254 | D        | Found a burning altar of Makhleb.
   254 | D        | Found a viscous altar of Jiyva.
   254 | D        | Found a shimmering altar of Xom.
   254 | D        | Found a corrupted altar of Lugonu.
   254 | D        | Noticed a slime creature
   270 | D        | Killed a slime creature
   543 | D        | Found an ornate altar of the Wu Jian Council.
   543 | D        | Found a deep blue altar of Sif Muna.
   545 | D        | Found a radiant altar of Vehumet.
   573 | D        | Found Jeesm's Food Emporium.
   573 | D        | Found an ancient bone altar of Kikubaaqudgha.
   573 | D        | Found a hazy altar of Hepliaklqana.
   573 | D        | Found a hide-covered altar of Uskayaw.
   573 | D        | Found a basalt altar of Yredelemnul.
   573 | D        | Found an opulent altar of Gozag.
   573 | D        | Found a snail-covered altar of Cheibriados.
   573 | D        | Found a sacrificial altar of Ru.
   573 | D        | Found a shadowy altar of Dithmenos.
   573 | D        | Noticed a yak
   577 | D        | Killed a yak
   577 | D        | Reached skill level 10 in Fighting
   577 | D        | Reached skill level 10 in Armour
   577 | D        | Reached skill level 10 in Shields
   577 | D        | Reached XP level 7. HP: 72/72 MP: 6/6
   578 | D        | Found a stormy altar of Qazlal.
   578 | D        | Found a blossoming altar of Fedhas.
   578 | D        | Found a bloodstained altar of Trog.
   578 | D        | Found an iron altar of Okawaru.
   578 | D        | Found a glowing golden altar of the Shining One.
   578 | D        | Found a glowing silver altar of Zin.
   578 | D        | Found a white marble altar of Elyvilon.
   581 | D        | Found a sparkling altar of Nemelex Xobeh.
   607 | D        | Became a worshipper of Warmaster Okawaru
   616 | D        | Noticed Sonja
   620 | D        | Slain by Sonja

Vault maps used:
D:        dungeon_sprint_1

Skill      XL: |  1  2  3  4  5  6 |
---------------+-------------------+-----
Fighting       | 5 6 8 10 | 10.1
Axes           | 4 6 7 9 |  9.8
Armour         | 5 6 8 10 | 10.1
Shields        | 5 6 8 10 | 10.1

Action                   |  1- 3 |  4- 6 |  7- 9 || total
-------------------------+-------+-------+-------++-------
Melee: War axe           |     8 |    21 |     2 ||    31
       Headbutt          |     1 |     6 |       ||     7
  Use: Potion            |     1 |     1 |       ||     2
Armor: Chain mail        |       |     7 |     4 ||    11
Dodge: Dodged            |     1 |     2 |     3 ||     6
Block: Shield            |     5 |     5 |     5 ||    15

Table legend:
 A = Non-vault XP
 B = Vault XP
 C = Vault XP percentage of total XP
 D = Non-vault monster count
 E = Vault monster count
 F = Vault count percentage of total count
 G = Total turns spent on level
                 A         B        C        D         E       F
            +---------+---------+-------+---------+---------+-------
      Total |       0 |     916 | 100.0 |       0 |       6 | 100.0
            +---------+---------+-------+---------+---------+-------
          D |       0 |     916 | 100.0 |       0 |       6 | 100.0
            +---------+---------+-------+---------+---------+-------
